 Dungeon Crawl Stone Soup version 0.31-a0-818-ge7c7cf74f0 (webtiles) character file.

Game seed: 4293889838623904875

30 Essalna the Conjurer (level 3, 24/24 HPs)
             Began as a Demonspawn Conjurer on Sept 23, 2023.
             Got out of the dungeon alive.
             The game lasted 00:01:24 (559 turns).

Essalna the Conjurer (Demonspawn Conjurer)           Turns: 559, Time: 00:01:25

Health: 24/24      AC:  2    Str:  7    XL:     3   Next: 5%
Magic:  6/7        EV: 14    Int: 21    God:
Gold:   0          SH:  0    Dex: 11    Spells: 6/7 levels left

rFire   . . .        c - +0 dagger
rCold   . . .        (no shield)
rNeg    . . .        a - +0 robe
rPois   .            (helmet restricted)
rElec   .            (no cloak)
rCorr   .            (no gloves)
SInv    .            (no boots)
Will    .....        (no amulet)
Stlth   ++           (no ring)
HPRegen 0.24/turn    (no ring)
MPRegen 0.10/turn

%: no passive effects
@: no status effects
A: antennae 1, repulsion field 1
a: no special abilities


You escaped.
You visited 1 branch of the dungeon, and saw 1 of its levels.

Inventory:

Hand Weapons
 c - a +0 dagger (weapon)
Missiles
 e - 5 curare-tipped darts
Armour
 a - a +0 robe (worn)
Jewellery
 f - a ring of resist corrosion
Scrolls
 g - a scroll of enchant weapon {unknown}
Potions
 b - a potion of magic
 d - 2 potions of mutation {unknown}


   Skills:
 - Level 1.7 Dodging
 - Level 1.7 Stealth
 + Level 2.7 Spellcasting
 + Level 4.5 Conjurations


You had 6 spell levels left.
You knew the following spells:

 Your Spells              Type           Power      Damage    Failure   Level
a - Magic Dart            Conj           84%        1d7       2%          1

Your spell library contained the following spells:

 Spells                   Type           Power      Damage    Failure   Level
 Searing Ray              Conj           42%        2d6       3%          2
 Dazzling Flash           Conj/Hex       24%        N/A       16%         3
 Fulminant Prism          Conj/Hex       6%         3d7       47%         4
 Iskenderun's Mystic Bla  Conj/Tloc      12%        2d5       47%         4


Dungeon Overview and Level Annotations

Branches:
Dungeon (1/15)

Altars:


Innate Abilities, Weirdness & Mutations

You have a pair of small antennae on your head.
You are surrounded by a mild repulsion field. (EV +2)


Message History

A gnoll comes into view. It is wielding a +0 club.
The magic dart hits the gnoll.
The gnoll is heavily wounded.
The gnoll shouts!
The magic dart hits the gnoll.
The gnoll is almost dead.
An endoplasm comes into view.
The magic dart hits the gnoll.
You kill the gnoll!
The endoplasm quivers.
You have reached level 3!
Your experience leads to an increase in your attributes!
Increase (S)trength, (I)ntelligence, or (D)exterity?
You feel clever. x2; Your demonic ancestry asserts itself...
A pair of antennae grows on your head!
The magic dart hits the endoplasm.
The endoplasm is severely wounded.
The magic dart hits the endoplasm.
The endoplasm is almost dead.
You are out of magic!
You are out of magic!
You are out of magic!
You are out of magic!
The endoplasm completely misses you.
You hit the endoplasm.
You kill the endoplasm!
No target in view!
No target in view!
No target in view!
No target in view!
No target in view!
No target in view!
No target in view!
No target in view!
No target in view!
No target in view!
Found a robe.
You see here a +0 dagger.
There is a staircase leading out of the dungeon here.
You have escaped!

.#########....###...)..........#
..###....####...###..##........#
#.##........###...#..###########
#.##......)...###.##.#####
#....#....##...## .#.....##
####.....#####..# #.###..#
##....# ##.## #.# ##.# ##....##
#..# #.# #.## ##......# ##@#.#.#
#..# #.......# #.#.#.#####.#
#.#.##...# ..#......##.##
#...###.... ...#.#....##..#
##.## ##...####..!...###.# #.#
### ##.#...# #.## #.#
#..#...###..# ..# #.##.......##
.. #[ ###.#####


There were no monsters in sight!

Vanquished Creatures
  A gnoll (D:1)
  3 ball pythons (D:1)
  A bat (D:1)
  An endoplasm (D:1)
  3 giant cockroaches (D:1)
  4 goblins (D:1)
  A kobold (D:1)
  2 quokkas (D:1)
  A frilled lizard (D:1)
  A rat (D:1)
18 creatures vanquished.

Notes
Turn   | Place    | Note
-------+----------+-------------------------------------------
     0 | D:1      | Essalna the Demonspawn Conjurer began the quest for the
                  | Orb.
     0 | D:1      | Reached XP level 1. HP: 13/13 MP: 3/3
   177 | D:1      | Gained mutation: You are surrounded by a mild repulsion
                  | field. (EV +2) [demonic ancestry]
   177 | D:1      | Reached XP level 2. HP: 19/19 MP: 1/5
   499 | D:1      | Gained mutation: You have a pair of small antennae on your
                  | head. [demonic ancestry]
   499 | D:1      | Reached XP level 3. HP: 24/24 MP: 2/7
   559 | D:$      | Got out of the dungeon alive.

Illustrated notes

Levels and vault maps discovered:
D:1:      dpeg_arrival_round_b, layout_rooms

Action                     || total
---------------------------++-------
  Melee: Dagger            ||    12
   Cast: Magic Dart        ||    31
 Armour: Robe              ||     9
  Dodge: Dodged            ||    11

Table legend: (Time is in decaauts)
 A = Elapsed time spent in this place.
 B = Non-inter-level travel time spent in this place.
 C = Inter-level travel time spent in this place.
 D = Time resting spent in this place.
 E = Time spent auto-exploring this place.
 F = Levels seen in this place.
 G = Mean time per level.
                   A        B        C        D        E       F      G
               +--------+--------+--------+--------+--------+-----+--------+
         Total |    558 |    504 |     54 |      0 |    415 |   1 |  558.0 |
       Dungeon |    558 |    504 |     54 |      0 |    415 |   1 |  558.0 |
               +--------+--------+--------+--------+--------+-----+--------+

Top non-repeatable levels by time:
     D:1: 558 daAuts
